 Dungeon Crawl Stone Soup version 0.28.0 (webtiles) character file.

Game seed: 12205411513901732544

126 Dirian the Chopper (level 5, -1/45 HPs)
             Began as a Hill Orc Gladiator on Feb 15, 2022.
             Was a Priest of Lugonu.
             Succumbed to a water moccasin's poison
             ... on level 4 of the Dungeon.
             The game lasted 00:03:57 (3013 turns).

Dirian the Chopper (Hill Orc Gladiator)             Turns: 3013, Time: 00:03:58

Health: -1/45      AC:  7    Str: 17    XL:     5   Next: 10%
Magic:  5/5        EV: 10    Int:  8    God:    Lugonu [***...]
Gold:   118        SH:  0    Dex: 14    Spells: 4/4 levels left

rFire   . . .      SeeInvis .   a - +0 war axe
rCold   . . .      Faith    .   (no shield)
rNeg    . . .      Spirit   .   s - +0 scale mail
rPois   .          Reflect  .   c - +0 helmet
rElec   .          Harm     .   (no cloak)
rCorr   .          Rampage  .   (no gloves)
Will    .....                   (no boots)
Stlth   ..........              b - amulet of the acrobat
HPRegen 0.15/turn               (no ring)
MPRegen 0.09/turn               (no ring)

@: lethally poisoned (-1 -> -28), invisible
A: no striking features
a: Renounce Religion, Depart the Abyss, Bend Space, Banish


You were on level 4 of the Dungeon.
You worshipped Lugonu.
Lugonu was most pleased with you.
You visited 1 branch of the dungeon, and saw 4 of its levels.

You collected 118 gold pieces.

Inventory:

Hand Weapons
 a - a +0 war axe (weapon)
Missiles
 d - 3 throwing nets (quivered)
 o - 5 boomerangs
Armour
 c - a +0 helmet (worn)
 s - a +0 scale mail (worn)
Jewellery
 b - an amulet of the acrobat (around neck)
Potions
 h - 2 potions of attraction
 i - 2 potions of brilliance {unknown}
 j - 2 potions of curing {unknown}
 k - a potion of haste {unknown}
 l - a potion of degeneration {unknown}
 p - a potion of mutation {unknown}


   Skills:
 + Level 3.4 Fighting
 * Level 5.6 Axes
 - Level 1.7 Throwing
 + Level 2.0 Armour
 - Level 2.4 Dodging
 + Level 2.0 Shields


You had 4 spell levels left.
You didn't know any spells.
Your spell library contained the following spells:

 Spells                   Type           Power      Damage    Failure   Level
 Summon Guardian Golem    Hex/Summ       0%         N/A       99%         3
 Orb of Destruction       Conj           0%         9d5       100%        7
 Spellforged Servitor     Conj/Summ      0%         N/A       100%        7


Dungeon Overview and Level Annotations

Branches:
Dungeon (4/15)
 Temple: D:4-7

Altars:
Wu Jian
Lugonu


Message History

You miss the water moccasin. The water moccasin bites you.
The water moccasin bites you but does no damage.
You closely miss the water moccasin. The water moccasin closely misses you.
You miss the water moccasin. The water moccasin barely misses you.
The water moccasin bites you.
You are poisoned.
The water moccasin poisons you!
You hit the water moccasin but do no damage.
You feel very sick.
The water moccasin bites you but does no damage.
The water moccasin misses you.
You fade into invisibility!
You feel very sick. The water moccasin bites you.
You strike the helpless water moccasin from behind!
You hit the water moccasin.
The water moccasin is lightly wounded.
You feel very sick.
You hit the water moccasin.
The water moccasin is moderately wounded.
You feel sick.
The water moccasin bites you but does no damage.
The water moccasin barely misses you.
You barely miss the water moccasin.
The water moccasin is moderately wounded.
You feel sick. The water moccasin bites you.
* * * LOW HITPOINT WARNING * * *
You are lethally poisoned!
The water moccasin poisons you!
You hit the water moccasin.
The water moccasin is heavily wounded.
* * * LOW HITPOINT WARNING * * *
You feel very sick. The water moccasin bites you.
* * * LOW HITPOINT WARNING * * *
You are more poisoned.
The water moccasin poisons you! The water moccasin closely misses you.
You slash the water moccasin!
The water moccasin is almost dead.
You die...

.# # #. #
#.#### ..)#
.... . .#
...##...#
#.#...#.# #. #
#....S..# #.#
.#.####@.#
##.###.##.....#
#......##.##..#
#..###.##.##..#
#..#......##.##
#..#.###..#..#
### #....#
#>.#.##
#.####.#.#
#..#.
.#.))).#.......


You could see a water moccasin.

Vanquished Creatures
  Robin (D:4)
  2 adders
  An adder skeleton (D:4)
  A worm (D:2)
  2 dart slugs (D:2)
  7 orcs
  8 bats
  5 endoplasms
  2 giant cockroaches (D:2)
  11 goblins
  9 hobgoblins
  7 jackals
  2 quokkas
  3 ball pythons (D:2)
  2 frilled lizards (D:3)
  9 kobolds
  3 rats
75 creatures vanquished.

Notes
Turn   | Place    | Note
-------+----------+-------------------------------------------
     0 | D:1      | Dirian the Hill Orc Gladiator began the quest for the Orb.
     0 | D:1      | Reached XP level 1. HP: 18/18 MP: 1/1
   302 | D:1      | Found a faded altar of an unknown god.
   392 | D:1      | Reached XP level 2. HP: 23/25 MP: 2/2
  1009 | D:1      | Prayed at the altar of an unknown god.
  1009 | D:1      | Became a worshipper of Lugonu the Unformed
  1009 | D:1      | Reached * piety under Lugonu
  1009 | D:1      | Reached ** piety under Lugonu
  1047 | D:2      | Reached skill level 1 in Armour
  1047 | D:2      | Reached skill level 1 in Shields
  1115 | D:2      | Reached XP level 3. HP: 30/30 MP: 3/3
  1477 | D:2      | Reached skill level 5 in Axes
  1486 | D:2      | Reached XP level 4. HP: 14/38 MP: 4/4
  1720 | D:2      | Reached *** piety under Lugonu
  2770 | D:4      | Found an ornate altar of the Wu Jian Council.
  2798 | D:4      | Noticed Robin
  2818 | D:4      | Killed Robin
  2819 | D:4      | Reached XP level 5. HP: 22/45 MP: 5/5
  3002 | D:4      | Noticed a water moccasin
  3013 | D:4      | Succumbed to a water moccasin's poison

Illustrated notes

Levels and vault maps discovered:
D:1:      scummos_arrival_star, layout_loops_ring,
          shapermc_ecumenical_altar_mp_highgroup
D:2:      layout_basic
D:3:      layout_basic
D:4:      layout_loops_ring, mainiacjoe_overflow_boulevard,
          mainiacjoe_overflow_catch_the_wave, uniq_robin, uniq_natasha,
          uniq_pikel

Skill      XL: |  1  2  3  4  5 |
---------------+----------------+-----
Armour         | 1 2 |  2.0
Shields        | 1 2 |  2.0
Fighting       | 3 |  3.4
Axes           | 5 |  5.6
Throwing       | |  1.7
Dodging        | |  2.4

Action                   |  1- 3 |  4- 6 || total
-------------------------+-------+-------++-------
Melee: War axe           |   112 |    84 ||   196
       Punch             |     1 |     1 ||     2
  Use: Scroll            |       |     7 ||     7
       Potion            |       |     1 ||     1
 Stab: Invisible         |       |     1 ||     1
Armor: Leather armour    |    19 |       ||    19
       Ring mail         |    17 |     8 ||    25
       Scale mail        |       |    27 ||    27
Dodge: Dodged            |    93 |    47 ||   140
